 Dungeon Crawl Stone Soup version 0.31.0-32-g396128a36d (webtiles) character file.

Game seed: 3605964425817306439

6053 belegose the Thrower (level 10, -8/86 HPs)
             Began as a Minotaur Monk on Apr 24, 2024.
             Was the Champion of Zin.
             Mangled by Snorg (12 damage)
             ... on level 10 of the Dungeon.
             The game lasted 00:30:04 (10313 turns).

belegose the Thrower (Minotaur Monk)               Turns: 10313, Time: 00:30:04

Health: -8/86      AC:  2    Str: 22    XL:     10   Next: 57%
Magic:  12/12      EV: 14    Int:  9    God:    Zin [******]
Gold:   697        SH:  5    Dex: 12    Spells: 9/9 levels left

rFire   . . .        a - +6 rapier (venom)
rCold   . . .        d - orb {light}
rNeg    . . .        p - +0 robe of the Valley {+Blink rElec rPois Str+3}
rPois   +            (helmet restricted)
rElec   +            (no cloak)
rCorr   .            (no gloves)
SInv    .            (no boots)
Will    .....        H - amulet of reflection
Stlth   +            (no ring)
HPRegen 0.34/turn    (no ring)
MPRegen 0.13/turn

%: reflection
@: reciting, glowing
A: horns 2, retaliatory headbutt
a: Renounce Religion, Evoke Blink, Recite, Vitalisation, Imprison, Sanctuary,
Donate Gold


You were on level 10 of the Dungeon.
You worshipped Zin.
Zin was exalted by your worship.
You visited 2 branches of the dungeon, and saw 11 of its levels.
You also visited: Sewer.

You collected 774 gold pieces.
You donated 77 gold pieces to Zin.

Inventory:

Hand Weapons
 a - a +6 rapier of venom (weapon)
 b - a +0 falchion
 g - the +3 hand axe of Risk Management {speed, rC+ rN+ Int-2}
   (You found it on level 9 of the Dungeon)

   Int-2:     It affects your intelligence (-2).
   rC+:       It protects you from cold.
   rN+:       It protects you from negative energy.
Missiles
 i - 22 poisoned darts
 j - 117 stones (quivered)
 I - a curare-tipped dart
 J - 6 boomerangs
Armour
 d - an orb of light (worn)
 m - a +4 scale mail
 p - the +0 robe of the Valley (worn) {+Blink rElec rPois Str+3}
   (You found it on level 2 of the Dungeon)

   Str+3:     It affects your strength (+3).
   rElec:     It insulates you from electricity.
   rPois:     It protects you from poison +Blink: It lets you blink.
 v - a +0 buckler
Jewellery
 H - an amulet of reflection (around neck)
Wands
 t - a wand of charming (10)
 w - a wand of flame (26)
 F - a wand of mindburst (15)
Scrolls
 h - a scroll of torment {unknown}
 q - 2 scrolls of immolation {unknown}
 r - 2 scrolls of fear {unknown}
 s - 5 scrolls of teleportation {unknown}
 u - a scroll of revelation {unknown}
 y - 2 scrolls of noise {unknown}
 C - a scroll of amnesia {unknown}
 D - a scroll of poison {unknown}
 G - a scroll of summoning {unknown}
Potions
 c - a potion of ambrosia
 e - 3 potions of curing
 f - 3 potions of cancellation
 k - a potion of magic
 l - 2 potions of heal wounds
 n - 2 potions of resistance
 o - 3 potions of mutation
 x - 2 potions of invisibility
 z - 2 potions of might
 A - a potion of attraction {unknown}
 B - a potion of lignification {unknown}


   Skills:
 - Level 7.0 Fighting
 - Level 7.0 Long Blades
 + Level 8.8 Throwing
 - Level 7.0 Dodging
 + Level 5.0 Invocations
 + Level 7.6 Evocations


You had 9 spell levels left.
You didn't know any spells.
Your spell library contained the following spells:

 Spells                   Type           Power      Damage    Failure   Level
 Foxfire                  Conj/Fire      0%         2x1d4     38%         1
 Freeze                   Ice            0%         1d3       38%         1
 Sting                    Conj/Alch      0%         1d3       38%         1
 Call Imp                 Summ           0%         N/A       52%         2
 Mercury Vapours          Alch/Air       0%         N/A       52%         2
 Sublimation of Blood     Necr           0%         N/A       52%         2
 Frozen Ramparts          Ice            0%         1d1       77%         3
 Gell's Gravitas          Tloc           0%         N/A       77%         3
 Hailstorm                Conj/Ice       0%         3d5       77%         3
 Inner Flame              Hex/Fire       0%         N/A       77%         3
 Teleport Other           Tloc           0%         N/A       77%         3
 Flame Wave               Conj/Fire      0%         2d4       99%         4
 Olgreb's Toxic Radiance  Alch           0%         N/A       99%         4
 Sticky Flame             Fire/Alch      0%         2d4       99%         4
 Dispersal                Tloc           0%         N/A       100%        6
 Plasma Beam              Fire/Air       0%         2x1d10    100%        6
 Starburst                Conj/Fire      0%         6d3       100%        6
 Summon Hydra             Summ           0%         N/A       100%        7


Dungeon Overview and Level Annotations

Branches:
Dungeon (10/15)            Temple (1/1) D:4            Lair (0/5) D:10
  Sewer (visited)
    Orc: D:9-12

Altars:
Ashenzari
Cheibriados
Dithmenos
Elyvilon
Fedhas
Gozag
Hepliaklqana
Kikubaaqudgha
Makhleb
Nemelex Xobeh
Okawaru
Qazlal
Ru
Sif Muna
Trog
Uskayaw
Vehumet
Wu Jian
Xom
Yredelemnul
Zin
The Shining One

Annotations:
D:10 Snorg


Innate Abilities, Weirdness & Mutations

You have a pair of horns on your head.
You reflexively headbutt those who attack you in melee.


Message History

The bolt of electricity hits the electric eel.
The electric eel completely resists.
Snorg bites you! Snorg claws you. Snorg closely misses you.
The centaur shoots an arrow.
The arrow closely misses you. Snorg misses you. Snorg claws you!
Snorg claws you.
The centaur shoots an arrow.
The arrow hits you!
Activating: Recite (0% risk of failure)
Press: ? - help, Dir - look around, f - activate
Okay, then.
Okay, then.
Okay, then.
Okay, then.
Aiming: Charm
Press: ? - help, Shift-Dir - straight line, f - Snorg
Aim: Snorg (berserk, haloed, chance to affect: 32%)
Okay, then.
Activating: Recite (0% risk of failure)
Press: ? - help, Dir - look around, f - activate Look: Snorg (berserk, haloed)
You clear your throat and prepare to recite. "In a great set of silver scales are weighed the..."
The centaur is dazed by your recitation.
You hear an angry buzzing noise.
You hear a bellow! x5
The centaur is lost in a daze.
Snorg bites you. Snorg claws you but does no damage. Snorg claws you!
* * * LOW HITPOINT WARNING * * *
The electric eel shoots out a bolt of lightning at you!
The bolt of electricity hits you. You resist.
* * * LOW HITPOINT WARNING * * *
The bolt of electricity hits you. You resist.
* * * LOW HITPOINT WARNING * * *
The bolt of electricity hits the electric eel.
The electric eel completely resists.
Unknown command. "...souls of the heretics, and with their disloyal..."
You hear an angry buzzing noise.
Snorg attacks as she pursues you! Snorg bites you!
* * * LOW HITPOINT WARNING * * *
Snorg closely misses you. Snorg claws you!
You die...

#.# ## #.. ...#
###########.# #... ..
..........#.# #..###..
#########.#.# #.#...# #
#.#.# ##.#.⌠.# .#
.######.#.####..#...#≈~#
................~###~≈≈~
.######.#.###.@..~≈≈≈≈≈≈≈
#......# #>#T.S≈≈≈≈≈≈≈
#....÷.# #...~###~≈≈~#
#............#y..#
#......#.###.#.⌠.#
.....#'#.#.# ..#..$# .#
.. .........# #.#..###..
#..#. #... ... ..#c.. ...
...#. ..Z ....# ... .#..
#.~.


You could see Snorg (berserk), a hornet, a centaur (dazed) and an electric eel.

Vanquished Creatures
  A deep elf pyromancer (D:9)
  A centaur zombie (D:10)
  Jeremiah (D:7)
  2 hornets (D:8)
  A meliai zombie (D:10)
  A shadow (D:9)
  A yak (D:9)
  2 wyverns
  A wraith (D:8)
  A steam dragon (D:9)
  5 vampire mosquitoes
  2 water moccasins
  2 ice beasts
  Duvessa (D:7)
  4 black bears
  An orc warrior (D:6)
  A crocodile (Sewer)
  2 kobold brigands
  2 bullfrogs (D:8)
  2 scorpions
  5 wights (D:8)
  Dowan (D:7)
  11 killer bees (D:9)
  2 howler monkeys
  A bombardier beetle (D:6)
  A hound (D:6)
  An orc priest (D:7)
  2 sleepcaps
  Terence (D:2)
  3 orc wizards
  2 iguanas
  A mummy (D:4)
  Robin (D:2)
  4 gnolls
  5 adders
  5 river rats (D:6)
  A shadow imp (D:6)
  A white imp (D:8)
  2 ufetubi (D:7)
  3 ribbon worms (D:3)
  4 dart slugs
  20 orcs
  9 ball pythons
  5 endoplasms
  4 giant cockroaches
  11 goblins
  6 hobgoblins
  14 jackals
  5 quokkas
  6 bats
  4 frilled lizards
  A goblin zombie (D:4)
  20 kobolds
  A kobold zombie (D:4)
  3 rats
200 creatures vanquished.

Notes
Turn   | Place    | Note
-------+----------+-------------------------------------------
     0 | D:1      | belegose the Minotaur Monk began the quest for the Orb.
     0 | D:1      | Reached XP level 1. HP: 19/19 MP: 0/0
   196 | D:1      | Reached XP level 2. HP: 26/27 MP: 1/1
   436 | D:1      | Reached skill level 1 in Throwing
   507 | D:1      | Reached XP level 3. HP: 31/33 MP: 2/2
  1045 | D:2      | Noticed Terence
  1058 | D:2      | Killed Terence
  1059 | D:2      | Reached XP level 4. HP: 14/41 MP: 3/3
  1196 | D:2      | Noticed Robin
  1243 | D:2      | Killed Robin
  1317 | D:2      | Identified the +0 robe of the Valley {+Blink rElec rPois
                  | Str+3}
  1854 | D:3      | Found a burning altar of Makhleb.
  2172 | D:3      | Reached skill level 2 in Throwing
  2172 | D:3      | Reached XP level 5. HP: 46/46 MP: 4/4
  2608 | D:4      | Found a staircase to the Ecumenical Temple.
  2615 | Temple   | Entered the Ecumenical Temple
  2624 | Temple   | Became a worshipper of Zin the Law-Giver
  2624 | Temple   | Reached * piety under Zin
  2624 | Temple   | Reached ** piety under Zin
  2648 | D:4      | Reached *** piety under Zin
  2885 | D:4      | Found a hazy altar of Hepliaklqana.
  3054 | D:4      | Reached skill level 1 in Evocations
  3322 | D:4      | Reached skill level 5 in Long Blades
  3515 | D:4      | Reached skill level 5 in Fighting
  3515 | D:4      | Reached XP level 6. HP: 47/56 MP: 5/5
  3668 | D:5      | Entered Level 5 of the Dungeon
  3814 | D:5      | Reached **** piety under Zin
  3851 | D:5      | Found a shadowy altar of Dithmenos.
  3856 | D:5      | Found an ornate altar of the Wu Jian Council.
  3898 | D:5      | Reached ***** piety under Zin
  4380 | D:6      | Noticed an ice beast
  4584 | D:6      | Reached skill level 3 in Throwing
  4593 | D:6      | Found a glowing drain.
  4604 | D:6      | Reached skill level 5 in Dodging
  4622 | Sewer    | Entered a sewer
  4715 | Sewer    | Reached XP level 7. HP: 52/62 MP: 6/6
  4866 | D:6      | Found a hide-covered altar of Uskayaw.
  5040 | D:6      | Found a blossoming altar of Fedhas.
  5265 | D:6      | Found a basalt altar of Yredelemnul.
  5265 | D:6      | Found a broken altar of Ashenzari.
  5273 | D:6      | Found a shimmering blue altar of Sif Muna.
  5298 | D:6      | Found a radiant altar of Vehumet.
  5300 | D:6      | Found a faded altar of an unknown god.
  5745 | D:6      | Reached XP level 8. HP: 30/71 MP: 7/7
  5928 | D:6      | Reached skill level 4 in Throwing
  6056 | D:7      | Noticed Jeremiah
  6429 | D:7      | Killed Jeremiah
  6858 | D:7      | Noticed Dowan
  6878 | D:7      | Killed Dowan
  6995 | D:7      | Noticed Duvessa
  7010 | D:7      | Killed Duvessa
  7011 | D:7      | Reached skill level 5 in Throwing
  7432 | D:8      | Reached XP level 9. HP: 79/79 MP: 8/8
  7569 | D:8      | Reached skill level 6 in Throwing
  7569 | D:8      | Reached skill level 5 in Evocations
  7670 | D:8      | Found a bloodstained altar of Trog.
  7795 | D:8      | Reached skill level 7 in Throwing
  7895 | D:8      | Reached ****** piety under Zin
  8167 | D:8      | Reached skill level 1 in Invocations
  8449 | D:9      | Found a sacrificial altar of Ru.
  8566 | D:9      | Reached XP level 10. HP: 86/86 MP: 11/11
  8600 | D:9      | Noticed a deep elf pyromancer
  8649 | D:9      | Killed a deep elf pyromancer
  8650 | D:9      | Reached skill level 8 in Throwing
  9239 | D:9      | Identified the +3 hand axe of Risk Management {speed, rC+
                  | rN+ Int-2}
  9547 | D:10     | Entered Level 10 of the Dungeon
  9983 | D:10     | Found a staircase to the Lair.
 10127 | D:10     | Reached skill level 5 in Invocations
 10306 | D:10     | Noticed Snorg
 10313 | D:10     | HP: 4/86 [Snorg (8)]
 10313 | D:10     | Mangled by Snorg

Illustrated notes

Levels and vault maps discovered:
D:1:      erik_arrival_blinker_ship, layout_basic,
          wander_ebering_terrifying_dragon_lair
D:2:      layout_loops_ring, kennysheep_path_1, uniq_terence, uniq_robin
D:3:      layout_basic, bloody_makhleb
D:4:      layout_loops_corners, lemuel_coloured_pillars_altar,
          minmay_temple_entry_glass, nicolae_ossuary_entry_giza
D:5:      layout_rooms, pdpol_wu_jian_five_deadly_venoms, amcnicky_altar_gilded,
          nicolae_figureground_pulse
D:6:      layout_basic, mainiacjoe_overflow_catwalk,
          chequers_temple_overflow_minitemple, nicolae_uskayaw_suspiria,
          portal_sewer_entry_e
D:7:      layout_loops_cross, uniq_jeremiah, uniq_duvessa
D:8:      layout_cave_pools, trog_ov_bears_minmay
D:9:      layout_basic, mainiacjoe_overflow_cross_hatched, evilmike_butchery
D:10:     bobbens_index_wilting_gardens, layout_basic, fountainhead, uniq_snorg
Temple:   hellmonk_temple_flake

Skill      XL: |  1  2  3  4  5  6  7  8  9 10 |
---------------+-------------------------------+-----
Fighting       | 4 5 6 7 |  7.0
Long Blades    | 4 5 6 7 |  7.0
Throwing       | 1 2 3 5 7 8 |  8.8
Dodging        | 4 5 6 7 |  7.0
Evocations     | 1 2 3 4 6 7 |  7.6
Invocations    | 2 5 |  5.0

Action                     |  1- 3 |  4- 6 |  7- 9 | 10-12 || total
---------------------------+-------+-------+-------+-------++-------
  Melee: Falchion          |    66 |     2 |    30 |       ||    98
         Headbutt          |    22 |    50 |    82 |    19 ||   173
         Dagger            |    24 |   161 |    89 |       ||   274
         Rapier            |       |       |   105 |    71 ||   176
  Throw: Dart              |       |     1 |    17 |       ||    18
         Stone             |       |       |    15 |       ||    15
 Invoke: Recite            |       |       |     5 |     2 ||     7
  Evoke: Wand              |       |     1 |     1 |     3 ||     5
    Use: Scroll            |       |       |     7 |     2 ||     9
         Potion            |       |       |     1 |       ||     1
 Armour: Scale mail        |    65 |    50 |   149 |    58 ||   322
         Robe              |       |    24 |       |    44 ||    68
  Dodge: Dodged            |    59 |    71 |   137 |    70 ||   337
